 Dungeon Crawl Stone Soup version 0.30-a0-1018-g25214051b3 (webtiles) character file.

Game seed: 15725939734857128278

17 greenreed the Conjurer (level 2, -4/14 (15) HPs)
             Began as a Deep Elf Conjurer on Apr 7, 2023.
             Slain by Crazy Yiuf
             ... wielding a +3 quarterstaff of chaos
              (5 damage)
             ... on level 2 of the Dungeon.
             The game lasted 00:01:10 (1175 turns).

greenreed the Conjurer (Deep Elf Conjurer)          Turns: 1175, Time: 00:01:15

HP:   -4/14 (15)    AC:  3    Str:  4    XL:     2   Next: 44%
MP:   5/8           EV: 17    Int: 22    God:
Gold: 86            SH:  0    Dex: 13    Spells: 4/7 levels left

rFire   . . .      SeeInvis .    (no weapon)
rCold   . . .      Faith    .    (no shield)
rNeg    . . .      Spirit   .    a - +0 robe
rPois   .          Reflect  .    g - +0 helmet
rElec   .          Rampage  .    (no cloak)
rCorr   .                        (no gloves)
Will    .....                    (no boots)
Stlth   ++                       (no amulet)
HPRegen 0.22/turn                h - +5 ring of evasion
MPRegen 0.11/turn                (no ring)

@: drained
A: no striking features
a: no special abilities


You were on level 2 of the Dungeon.
You visited 1 branch of the dungeon, and saw 2 of its levels.

You collected 86 gold pieces.

Inventory:

Armour
 a - a +0 robe (worn)
 g - a +0 helmet (worn)
Jewellery
 h - a +5 ring of evasion (left hand)
Scrolls
 c - a scroll of identify {unknown}
 d - 2 scrolls of enchant armour {unknown}
 i - a scroll of blinking {unknown}
 j - a scroll of butterflies {unknown}
 k - a scroll of immolation {unknown}
 l - a scroll of magic mapping {unknown}
Potions
 b - a potion of magic
 e - a potion of heal wounds {unknown}
 f - a potion of degeneration {unknown}
 m - a potion of curing {unknown}


   Skills:
 + Level 2.8 Dodging
 + Level 2.9 Stealth
 + Level 3.4 Spellcasting
 + Level 4.6 Conjurations


You had 4 spell levels left.
You knew the following spells:

 Your Spells              Type           Power      Damage    Failure   Level
a - Magic Dart            Conj           96%        1d7       1%          1
b - Searing Ray           Conj           48%        2d6       2%          2

Your spell library contained the following spells:

 Spells                   Type           Power      Damage    Failure   Level
 Dazzling Flash           Conj/Hex       26%        N/A       14%         3
 Fulminant Prism          Conj/Hex       6%         3d7       43%         4
 Iskenderun's Mystic Bla  Conj/Tloc      13%        2d5       43%         4


Dungeon Overview and Level Annotations

Branches:
Dungeon (2/15)

Altars:
Wu Jian

Annotations:
D:2 Crazy Yiuf


Message History

The adder hisses angrily.
The magic dart hits the adder.
The adder is severely wounded.
The magic dart hits the adder.
You kill the adder!
You now have 86 gold pieces (gained 11).
You see here a +0 leather armour.
Found a hammer.
Found a hammer.
Found a hammer.
You see here a +0 hammer.
Found five hammers.
Found a runed translucent door.
You see here a +0 hammer.
Found a runed hammer.
You see here a +1 hammer of venom.
You see here a +0 hammer.
Found three hammers.
You see here a +0 hammer.
Memorise Searing Ray, consuming 2 spell levels and leaving 4?
You start memorising the spell.
You continue memorising. x2
Crazy Yiuf says, "Trifle bag song!"
You finish memorising.
Spell assigned to 'b'.
You open the door.
Crazy Yiuf says, "Snurf!"
Casting: Magic Dart (safe; 1% risk of failure)
Confirm with . or Enter, or press ? or * to list all spells.
Aiming: Searing Ray (safe; 2% risk of failure)
Press: ? - help, Shift-Dir - straight line, f - Crazy Yiuf
Aim: Crazy Yiuf, wielding a +3 quarterstaff of chaos and wearing a +0 cloak (82% to hit)
The searing ray hits Crazy Yiuf.
Crazy Yiuf is lightly wounded. (Press . to maintain the ray.) Crazy Yiuf closely misses you.
The searing ray hits Crazy Yiuf!
Crazy Yiuf is severely wounded.
Crazy Yiuf hits you with a +3 quarterstaff of chaos!
Ouch! That really hurt!
* * * LOW HITPOINT WARNING * * *
You feel drained.
You die...

......#.#####....#
#.......# #....# .
#.##.#..# #....#
.# #. #.#.##
##..)# ..##.##.#.#
##)## ........[.#
##)# ..#...#.#.#
#)## ........#.##
##)# ........#..#
#@## ...........#
#g# ........#.##
))) .#.#..###.#
#)))# #.##.###.#
#).)# # #.....#
##### #.....#
#....## ######
#.#.######....#


You could see Crazy Yiuf.

Vanquished Creatures
  An adder (D:2)
  An endoplasm (D:1)
  A goblin (D:1)
  A hobgoblin (D:1)
  A kobold (D:2)
  A bat (D:1)
  3 rats
9 creatures vanquished.

Notes
Turn   | Place    | Note
-------+----------+-------------------------------------------
     0 | D:1      | greenreed the Deep Elf Conjurer began the quest for the
                  | Orb.
     0 | D:1      | Reached XP level 1. HP: 10/10 MP: 6/6
   956 | D:2      | Found an ornate altar of the Wu Jian Council.
  1083 | D:2      | Reached XP level 2. HP: 15/15 MP: 6/8
  1166 | D:2      | Found a runed translucent door.
  1167 | D:2      | Noticed Crazy Yiuf
  1173 | D:2      | Learned a level 2 spell: Searing Ray
  1175 | D:2      | Slain by Crazy Yiuf

Illustrated notes

Levels and vault maps discovered:
D:1:      sevenhm_arrival_forest_fort_large_2, layout_rooms, serial_forest,
          infiniplex_forest_end_2, infiniplex_forest_lined_3,
          infiniplex_forest_clump_curved, infiniplex_forest_clump_tiny,
          infiniplex_forest_clump_medium, chequers_mini_garden,
          minmay_misc_feat_chi, chequers_serial_rivers_micro_e
D:2:      layout_loops_ring, basic_altar, roderic_lattice_a, uniq_natasha,
          uniq_crazy_yiuf_cottage

Action                     || total
---------------------------++-------
   Cast: Magic Dart        ||    18
         Searing Ray       ||     1
  Dodge: Dodged            ||     1

Table legend: (Time is in decaauts)
 A = Elapsed time spent in this place.
 B = Non-inter-level travel time spent in this place.
 C = Inter-level travel time spent in this place.
 D = Time resting spent in this place.
 E = Time spent auto-exploring this place.
 F = Levels seen in this place.
 G = Mean time per level.
                   A        B        C        D        E       F      G
               +--------+--------+--------+--------+--------+-----+--------+
         Total |   1174 |   1136 |     38 |      0 |   1061 |   2 |  587.0 |
       Dungeon |   1174 |   1136 |     38 |      0 |   1061 |   2 |  587.0 |
               +--------+--------+--------+--------+--------+-----+--------+

Top non-repeatable levels by time:
     D:1: 860 daAuts
     D:2: 313 daAuts
